AoeStats
← Anton Horvarth

Arena

509869999Analyzed
1v1 RM · 4d ago on Sep 28, 2026· 62m 23s· 2 players
Game mode
Random Map
Map size
Tiny (2 player)
Population
200
Speed
Normal
Resources
Standard
Victory
Conquest
Starting age
Dark Age
Ending age
Imperial Age
RankedLock teamsTeams togetherTeam positionsShared explorationLock speedFull tech treeHidden civsTurbo modeCheats
Victory
Defeat
960
+16
🇩🇪 Bohemians · Germany
962
-16
Delicately operated 地毯哥
8:09 Loom
10:05 Feudal Age
13:19 Loom
16:08 Castle Age
14:44 Double-Bit Axe
18:29 Bow Saw
23:08 Gold Mining
24:31 Wheelbarrow
24:41 Town Watch
26:28 Horse Collar
29:51 Imperial Age
27:51 Forging
28:03 Stone Mining
28:34 Heavy Plow
28:53 Hand Cart
28:44 Town Patrol
29:22 Fletching
29:38 Murder Holes
32:00 Two-Man Saw
32:22 Chemistry
32:43 Stone Shaft Mining
33:25 Supremacy
33:49 Bombard Tower
33:41 Bodkin Arrow
35:02 Ballistics
34:55 Masonry
34:27 Sappers
35:16 Bracer
35:17 Scale Mail Armor
37:33 Architecture
37:43 Hoardings
41:24 Guard Tower
44:20 Fortified Wall
44:46 Keep
43:58 Arrowslits
45:54 Chain Mail Armor
46:17 Iron Casting
45:47 Scale Barding Armor
47:20 Bloodlines
47:11 Husbandry
46:31 Light Cavalry
48:52 Blast Furnace
48:13 Chain Barding Armor
47:52 Hussar
49:40 Conscription
Anton Horvarth
11:42 Feudal Age
16:34 Castle Age
14:50 Double-Bit Axe
15:03 Horse Collar
16:27 Forging
17:15 Scale Mail Armor
24:04 Squires
28:47 Wheelbarrow
28:03 Loom
28:05 Town Watch
32:55 Imperial Age
30:38 Bow Saw
30:15 Pikeman
30:49 Fletching
30:29 Elite Skirmisher
31:12 Padded Archer Armor
34:51 Chemistry
34:09 Siege Engineers
39:04 Conscription
38:42 Bodkin Arrow
39:10 Elite Hussite Wagon
41:58 Halberdier
44:47 Houfnice
49:33 Ballistics
49:35 Bombard Tower
50:19 Leather Archer Armor
50:05 Bracer
56:06 Hand Cart
55:52 Town Patrol
61:46 Iron Casting
Connection lost

Rejoining the realm…

Still unreachable

The connection could not be restored.

Session expired

The server has moved on; the page needs a fresh start.